 Dungeon Sprint DCSS version 0.21-a0-110-g8e1637b (webtiles) character file.

11 Kidiri the Sneak (level 2, 0/13 (14) HPs)
             Began as a Spriggan Enchanter on July 8, 2017.
             Slain by a necrophage (7 damage)
             ... in the Dungeon (Sprint II: "The Violet Keep of Menkaure").
             The game lasted 00:00:38 (78 turns).

Kidiri the Sneak (Spriggan Enchanter)                 Turns: 78, Time: 00:00:39

HP:   0/13 (14)     AC:  2    Str:  4    XL:     2   Next: 13%
MP:   7/7           EV: 19    Int: 16    God:
Gold: 243           SH:  0    Dex: 16    Spells: 4/7 levels left

rFire    . . .     SeeInvis +   a - +1 dagger
rCold    . . .     Gourm    .   (shield restricted)
rNeg     . . .     Faith    .   b - +0 robe
rPois    .         Spirit   .   (helmet restricted)
rElec    .         Reflect  .   (no cloak)
rCorr    .         Harm     .   (gloves unavailable)
MR       .....     NoTele   +   (boots unavailable)
Stlth    +++.......             (no amulet)
HPRegen  0.04/turn              (no ring)
MPRegen  0.10/turn              (no ring)

@: very quick
A: unfitting armour, see invisible, herbivore 3, speed 3, slow metabolism 2
a: no special abilities


You were in the Dungeon.
You were not hungry.

You visited 1 branch You collected 243 gold pieces.

Inventory:

Hand Weapons
 a - a +1 dagger (weapon)
Armour
 b - a +0 robe (worn)
Scrolls
 j - a scroll of blinking
Potions
 e - a potion of curing
 f - a potion of heal wounds
 g - a potion of haste
 h - 2 potions of magic
Books
 c - a book of Maledictions

   Spells                             Type                      Level
   a - Corona                         Hexes                        1
   b - Ensorcelled Hibernation        Hexes/Ice                    2
   c - Confuse                        Hexes                        3
   d - Tukima's Dance                 Hexes                        3
   e - Dazzling Spray                 Conjuration/Hexes            3
Comestibles
 d - a bread ration


   Skills:
 + Level 0.5 Fighting
 * Level 2.2 Short Blades
 + Level 0.7 Armour
 * Level 3.9 Dodging
 * Level 5.3 Stealth
 * Level 3.4 Spellcasting
 + Level 3.9 Hexes


You had 4 spell levels left.
You knew the following spells:

 Your Spells              Type           Power        Failure   Level  Hunger
a - Corona                Hex            ###....      3%          1    None
b - Ensorcelled Hibernat  Hex/Ice        #.....       12%         2    ##.....


Dungeon Overview and Level Annotations

Branches:
Dungeon (1/1)

Altars:


Innate Abilities, Weirdness & Mutations

You are very small and have problems with some larger weapons.
You are too small for most types of armour.
You have supernaturally acute eyesight. (SInv)
You are a herbivore.
You cover ground extremely quickly.
You need consume almost no food.


Message History

You close the door.
There is a staircase leading out of the dungeon here.
You open the door. 2 hippogriffs come into view.
The hippogriff screeches! x2
Found 243 gold pieces.
You close the door.
There is a staircase leading out of the dungeon here.
You open the door. 4 necrophages come into view.
Found 243 gold pieces.
Okay, then.
There is an open door here.
You barely miss the necrophage.
The necrophage hits you but does no damage.
You barely miss the necrophage. The necrophage hits you!
Ouch! That really hurt!
You feel your flesh rotting away! The necrophage hits you!
Ouch! That really hurt!
You die... ## ## ##. .## #..#n.# # #nnn#

# #. #@#
3#
#H##.##.3#
#+.<.+$#
#H##.##3#
#. ##+##
3# #
##.#.# #
#..##.#
##..###
##+#


You could see 4 necrophages.

Vanquished Creatures
  3 worms (D)
3 creatures vanquished.

Vanquished Creatures (others)
  A crocodile (D)
1 creature vanquished.

Grand Total: 4 creatures vanquished

Notes
Turn   | Place    | Note
-------+----------+-------------------------------------------
     0 | D        | Kidiri the Spriggan Enchanter began the quest for the Orb.
     0 | D        | Reached XP level 1. HP: 9/9 MP: 5/5
     9 | D        | Reached skill level 5 in Stealth
    13 | D        | Reached XP level 2. HP: 14/14 MP: 7/7
    34 | D        | Killed a crocodile
    40 | D        | Learned a level 2 spell: Ensorcelled Hibernation
    67 | D        | Noticed a neqoxec
    67 | D        | Noticed a neqoxec
    67 | D        | Noticed a neqoxec
    67 | D        | Noticed a neqoxec
    71 | D        | Noticed a hippogriff
    71 | D        | Noticed a hippogriff
    75 | D        | Noticed a necrophage
    75 | D        | Noticed a necrophage
    75 | D        | Noticed a necrophage
    75 | D        | Noticed a necrophage
    78 | D        | Slain by a necrophage

Vault maps used:
D:        the_violet_keep_of_menkaure

Skill      XL: |  1 |
---------------+----+-----
Spellcasting   | 3 |  3.4
Short Blades   | 2 |  2.2
Stealth        | 5 |  5.3
Fighting       | |  0.5
Armour         | |  0.7
Dodging        | |  3.9
Hexes          | |  3.9

Action                   || total
-------------------------++-------
Melee: Dagger            ||     9
  Use: Potion            ||     1
 Stab: Sleeping          ||     1
Armor: Robe              ||     1
Dodge: Dodged            ||     2
